 Dungeon Crawl Stone Soup version 0.29-a0-1009-g60c99734e7 (webtiles) character file.

Game seed: 5965008427694666692

4894 leavemydog the Thaumaturge (level 10, -8/50 HPs)
             Began as a Deep Elf Conjurer on Aug 8, 2022.
             Was a Priest of Vehumet.
             Shot with a sling bullet by Joseph (23 damage)
             ... on level 9 of the Dungeon.
             The game lasted 00:31:07 (12992 turns).

leavemydog the Thaumaturge (Deep Elf Conjurer)     Turns: 12992, Time: 00:31:08

Health: -8/50      AC:  4    Str:  8    XL:     10   Next: 26%
Magic:  22/28      EV: 12    Int: 24    God:    Vehumet [***...]
Gold:   615        SH:  0    Dex: 13    Spells: 16/34 levels left

rFire   . . .      SeeInvis .   x - +3 mace (protect)
rCold   . . .      Faith    .   (no shield)
rNeg    . . .      Spirit   .   a - +1 robe
rPois   +          Reflect  .   (no helmet)
rElec   .          Harm     .   (no cloak)
rCorr   .          Rampage  .   F - +0 pair of gloves
Will    +....                   (no boots)
Stlth   ++........              (no amulet)
HPRegen 0.16/turn               w - ring of poison resistance
MPRegen 0.21/turn               (no ring)

@: no status effects
A: no striking features
a: Renounce Religion


You were on level 9 of the Dungeon.
You worshipped Vehumet.
Vehumet was most pleased with you.
You visited 2 branches of the dungeon, and saw 10 of its levels.
You also visited: Ossuary.

You collected 615 gold pieces.

Inventory:

Hand Weapons
 x - a +3 mace of protection (weapon)
Missiles
 e - 6 poisoned darts
 h - 10 atropa-tipped darts
 u - a throwing net
Armour
 a - a +1 robe (worn)
 m - the +0 robe of Purpose {*Corrode +Blink +Inv rF-}
   (You found it on level 5 of the Dungeon)

   rF:        It makes you vulnerable to fire.
   +Inv:      It lets you turn invisible.
   +Blink:    It lets you blink.
   *Corrode:  It may corrode you when you take damage.
 F - a +0 pair of gloves (worn)
Jewellery
 w - a ring of poison resistance (left hand)
Wands
 i - a wand of acid (10)
Scrolls
 d - a scroll of blinking {unknown}
 j - 6 scrolls of noise
 l - 2 scrolls of poison
 n - 2 scrolls of enchant armour
 p - a scroll of teleportation
 q - 2 scrolls of magic mapping {unknown}
 s - a scroll of fear {unknown}
 v - a scroll of enchant weapon {unknown}
 y - a scroll of summoning {unknown}
 z - a scroll of fog {unknown}
 A - 2 scrolls of immolation
 C - 3 scrolls of vulnerability
Potions
 b - 4 potions of magic
 c - 3 potions of curing
 f - 4 potions of attraction
 g - 3 potions of might
 k - 4 potions of lignification
 o - 3 potions of flight
 t - a potion of berserk rage {unknown}
 D - a potion of cancellation {unknown}
 E - a potion of haste {unknown}


   Skills:
 - Level 2.4 Dodging
 - Level 2.4 Stealth
 + Level 12.7 Spellcasting
 + Level 11.2 Conjurations
 - Level 4.6 Hexes
 - Level 5.1 Translocations
 - Level 1.8 Transmutations
 * Level 1.9 Fire Magic
 - Level 0.1 Air Magic
 * Level 1.9 Poison Magic


You had 16 spell levels left.
You knew the following spells:

 Your Spells              Type           Power      Damage    Failure   Level
a - Magic Dart            Conj           100%       1d8       1%          1
b - Searing Ray           Conj           100%       2d8       1%          2
c - Iskenderun's Mystic   Conj/Tloc      53%        2d11      1%          4
d - Fulminant Prism       Conj/Hex       26%        3d14      1%          4
e - Shock                 Conj/Air       100%       1d9       1%          1
f - Mephitic Cloud        Conj/Pois/Air  36%        N/A       1%          3
g - Ignite Poison         Fire/Tmut/Pois 24%        N/A       1%          3

Your spell library contained the following spells:

 Spells                   Type           Power      Damage    Failure   Level
 Poisonous Vapours        Pois/Air       40%        N/A       1%          2
 Apportation              Tloc           78%        N/A       1%          1
 Static Discharge         Conj/Air       42%        3-9/arc   1%          2
 Dazzling Flash           Conj/Hex       100%       N/A       1%          3
 Lesser Beckoning         Tloc           39%        N/A       1%          3
 Flame Wave               Conj/Fire      46%        2d12      1%          4
 Necrotise                Necr           60%        1d7       4%          1
 Summon Small Mammal      Summ           60%        N/A       4%          1
 Freezing Cloud           Conj/Ice/Air   16%        6-21      7%          5
 Starburst                Conj/Fire      23%        6d8       11%         6


Dungeon Overview and Level Annotations

Branches:
Dungeon (9/15)             Temple (1/1) D:5         Ossuary (visited)
   Lair: D:8-11         Orc: D:9-12

Altars:
Ashenzari
Cheibriados
Dithmenos
Elyvilon
Fedhas
Gozag
Hepliaklqana
Kikubaaqudgha
Nemelex Xobeh
Okawaru
Qazlal
Ru
Sif Muna
Trog
Uskayaw
Vehumet
Wu Jian
Xom
Yredelemnul
Zin
The Shining One

Shops:
D:5 *

Annotations:
D:9 Erica, Joseph


Message History

Confirm with . or Enter, or press ? or * to list all spells.
Okay, then.
Okay, then.
Casting: Iskenderun's Mystic Blast (safe; 1% risk of failure)
Confirm with . or Enter, or press ? or * to list all spells.
Aiming: Magic Dart (safe; 1% risk of failure)
Press: ? - help, Shift-Dir - straight line, f - Joseph
Aim: Joseph, wielding a +0 sling, wearing a +0 leather armour and quivering atropa-tipped darts (100% to hit)
The magic dart hits Joseph.
Joseph is lightly wounded.
Joseph shoots a sling bullet.
The sling bullet hits you.
Casting: Magic Dart (safe; 1% risk of failure)
Confirm with . or Enter, or press ? or * to list all spells.
Aiming: Magic Dart (safe; 1% risk of failure)
Press: ? - help, Shift-Dir - straight line, f/p - Joseph
Aim: Joseph, wielding a +0 sling, wearing a +0 leather armour and quivering atropa-tipped darts (lightly wounded, 100% to hit)
The magic dart hits Joseph but does no damage.
Joseph is lightly wounded.
Joseph shoots a sling bullet.
The sling bullet hits you!
Casting: Magic Dart (safe; 1% risk of failure)
Confirm with . or Enter, or press ? or * to list all spells.
Aiming: Fulminant Prism (safe; 1% risk of failure)
Press: ? - help, Dir - move target, p - Joseph You conjure a prism of explosive energy!
A fulminant prism comes into view.
Joseph shoots a sling bullet.
The sling bullet hits your fulminant prism!!
Your fulminant prism detonates feebly.
Casting: Fulminant Prism (safe; 1% risk of failure)
Confirm with . or Enter, or press ? or * to list all spells.
Aiming: Magic Dart (safe; 1% risk of failure)
Press: ? - help, Shift-Dir - straight line, f - Joseph
Aim: Joseph, wielding a +0 sling, wearing a +0 leather armour and quivering atropa-tipped darts (lightly wounded, 100% to hit)
The magic dart hits Joseph but does no damage.
Joseph is lightly wounded.
Joseph sighs, "Being a guard is usually so boring..."
Joseph shoots a sling bullet.
The sling bullet hits you!!
* * * LOW HITPOINT WARNING * * *
Joseph shoots a sling bullet.
The sling bullet hits you!!
You die...

..# ..### ....# #@#.# ####
###.#.# ..# ...#.# #.#
##@#.####.########
##.......#@.....@.#
......#..#..#####.#
.#..###.@...#...#.#########
..........................#######
....###.....#...#.#######.##.....
.#..###..#..#####.# #.##.###.
.........#........# #.##.###.
..#......#.######## #......#.
..#.####.#.....# ####.#.#.


You could see Joseph.

Vanquished Creatures
  A two-headed ogre (D:9)
  A komodo dragon (D:9)
  A troll (D:9)
  A yak (D:9)
  Edmund (D:5)
  Duvessa (D:7)
  An ice beast (D:6)
  2 black bears
  2 orc warriors (D:9)
  An ogre (D:6)
  2 centaurs
  A phantom (D:4)
  A kobold brigand (D:8)
  3 bullfrogs
  A scorpion (D:5)
  10 killer bees
  9 wights (D:9)
  Dowan (D:7)
  3 howler monkeys
  A centaur zombie (Ossuary)
  A human zombie (Ossuary)
  5 hounds
  4 gnoll boudas
  3 orc priests
  Terence (D:3)
  7 iguanas
  11 orc wizards
  4 mummies (Ossuary)
  20 gnolls
  3 adders
  2 white imps
  3 ufetubi
  3 worms
  4 dart slugs
  33 orcs
  10 endoplasms
  5 giant cockroaches
  6 goblins
  4 hobgoblins
  4 jackals (D:1)
  2 quokkas
  6 ball pythons
  6 bats
  2 frilled lizards (D:1)
  A gnoll zombie (Ossuary)
  A goblin zombie (Ossuary)
  2 hobgoblin zombies (Ossuary)
  5 kobolds
  2 orc zombies (Ossuary)
  5 rats
209 creatures vanquished.

Vanquished Creatures (others)
  10 fulminant prisms
  24 fungi (D:9)
  18 plants (D:9)
52 creatures vanquished.

Grand Total: 261 creatures vanquished

Notes
Turn   | Place    | Note
-------+----------+-------------------------------------------
     0 | D:1      | leavemydog the Deep Elf Conjurer began the quest for the
                  | Orb.
     0 | D:1      | Reached XP level 1. HP: 10/10 MP: 6/6
   230 | D:1      | Reached XP level 2. HP: 15/15 MP: 0/8
   266 | D:1      | Reached skill level 5 in Conjurations
   406 | D:1      | Learned a level 2 spell: Searing Ray
  1247 | D:2      | Reached XP level 3. HP: 19/19 MP: 6/9
  2124 | D:3      | Noticed Terence
  2131 | D:3      | Killed Terence
  2132 | D:3      | Reached skill level 4 in Spellcasting
  2132 | D:3      | Reached XP level 4. HP: 4/24 MP: 1/12
  2437 | D:3      | Found a shimmering blue altar of Sif Muna.
  2528 | D:3      | Learned a level 4 spell: Iskenderun's Mystic Blast
  2764 | D:3      | Found a faded altar of an unknown god.
  3476 | D:4      | Noticed a black bear
  3482 | D:4      | Killed a black bear
  3483 | D:4      | Reached skill level 5 in Spellcasting
  3483 | D:4      | Reached skill level 1 in Translocations
  3483 | D:4      | Reached XP level 5. HP: 28/28 MP: 4/14
  3707 | D:4      | Noticed a phantom
  3713 | D:4      | Killed a phantom
  3714 | D:4      | Reached XP level 6. HP: 32/32 MP: 9/16
  3929 | D:4      | Found an iron altar of Okawaru.
  3929 | D:4      | Found a hazy altar of Hepliaklqana.
  4565 | D:4      | Identified the +7 dagger of the Little People {flame, rPois
                  | rCorr Str+7 Int-4}
  5037 | D:5      | Entered Level 5 of the Dungeon
  5510 | D:5      | Identified the +0 robe of Purpose {*Corrode +Blink +Inv
                  | rF-}
  5600 | D:5      | Reached skill level 6 in Spellcasting
  6081 | D:5      | Reached XP level 7. HP: 36/36 MP: 12/18
  6126 | D:5      | Found a staircase to the Ecumenical Temple.
  6201 | D:5      | Found Vaeschej's General Store.
  6453 | Temple   | Entered the Ecumenical Temple
  6667 | Temple   | Became a worshipper of Vehumet
  6757 | D:5      | Noticed Edmund
  6765 | D:5      | Killed Edmund
  6766 | D:5      | Reached skill level 7 in Spellcasting
  7387 | D:6      | Found a sand-covered staircase.
  7395 | Ossuary  | Entered an ossuary
  7896 | D:6      | HP: 1/36 [ogre/+0 giant club (14)]
  8230 | D:6      | Reached skill level 8 in Spellcasting
  8230 | D:6      | Reached XP level 8. HP: 41/41 MP: 3/22
  8652 | D:6      | Found a bloodstained altar of Trog.
  8727 | D:6      | Found an ornate altar of the Wu Jian Council.
  8786 | D:6      | Reached * piety under Vehumet
  8786 | D:6      | Offered knowledge of Freeze by Vehumet.
  9377 | D:7      | Reached skill level 9 in Spellcasting
  9568 | D:7      | Learned a level 4 spell: Fulminant Prism
  9723 | D:7      | Offered knowledge of Shock by Vehumet.
  9730 | D:7      | Reached ** piety under Vehumet
  9732 | D:7      | Reached skill level 1 in Hexes
  9769 | D:7      | Learned a level 1 spell: Shock
 10161 | D:7      | Noticed Dowan
 10166 | D:7      | Noticed Duvessa
 10167 | D:7      | Killed Dowan
 10176 | D:7      | Killed Duvessa
 10443 | D:7      | Reached skill level 10 in Spellcasting
 10674 | D:8      | Reached XP level 9. HP: 32/45 MP: 16/25
 11326 | D:8      | Found a snail-covered altar of Cheibriados.
 11354 | D:8      | Reached skill level 10 in Conjurations
 11793 | D:9      | Reached skill level 11 in Spellcasting
 11816 | D:9      | Noticed a troll
 11822 | D:9      | Killed a troll
 11822 | D:9      | Offered knowledge of Poisonous Vapours by Vehumet.
 11828 | D:9      | Reached skill level 5 in Translocations
 11986 | D:9      | Noticed a komodo dragon
 11995 | D:9      | Killed a komodo dragon
 12099 | D:9      | Reached skill level 12 in Spellcasting
 12144 | D:9      | Noticed Joseph
 12173 | D:9      | Got Sif Muna's Commentary on the Distorted Barrage
 12253 | D:9      | Learned a level 3 spell: Mephitic Cloud
 12257 | D:9      | Learned a level 3 spell: Ignite Poison
 12260 | D:9      | Noticed a two-headed ogre
 12270 | D:9      | Killed a two-headed ogre
 12271 | D:9      | Reached skill level 1 in Transmutations
 12271 | D:9      | Reached skill level 1 in Fire Magic
 12271 | D:9      | Reached skill level 1 in Poison Magic
 12271 | D:9      | Reached XP level 10. HP: 38/50 MP: 7/28
 12393 | D:9      | Reached *** piety under Vehumet
 12398 | D:9      | Noticed Erica
 12715 | D:9      | HP: 2/50 [something/bolt of acid (21)]
 12992 | D:9      | Shot with a sling bullet by Joseph

Illustrated notes

Levels and vault maps discovered:
D:1:      dpeg_arrival_rhombi, layout_loops_ring
D:2:      layout_basic
D:3:      layout_basic, nicolae_sif_muna_condensation,
          ebering_ecumenical_altar_webs, uniq_terence
D:4:      layout_basic, gammafunk_temple_overflow_wave
D:5:      layout_basic, temple_statues, nicolae_take_the_stairs, st_stairs_7,
          uniq_edmund
D:6:      layout_cave_pools, nicolae_wu_jian_immortal_techniques,
          lightli_temple_of_fire, nicolae_ossuary_entry_ruins
D:7:      black_bear_nest_1, layout_basic, grunt_ministairs_13, uniq_duvessa
D:8:      layout_basic, cheibriados_altar_1
D:9:      layout_loops_cross, grunt_lair_entry_orc_guard_hut, serial_shops,
          shop, uniq_joseph, uniq_erica
Temple:   regret_index_temple_generic_petals

Skill      XL: |  1  2  3  4  5  6  7  8  9 |
---------------+----------------------------+-----
Conjurations   | 5 6 7 8 9 11 | 11.2
Spellcasting   | 4 5 6 8 10 12 | 12.7
Translocations | 1 2 3 4 5 |  5.1
Hexes          | 2 4 |  4.6
Transmutations | 1 |  1.8
Fire Magic     | 1 |  1.9
Poison Magic   | 1 |  1.9
Dodging        | |  2.4
Stealth        | |  2.4
Air Magic      | |  0.1

Action                   |  1- 3 |  4- 6 |  7- 9 | 10-12 || total
-------------------------+-------+-------+-------+-------++-------
Melee: Unarmed           |    11 |       |       |       ||    11
       Dagger            |       |     3 |       |       ||     3
       Mace              |       |       |     2 |       ||     2
 Cast: Magic Dart        |    71 |   111 |   148 |    14 ||   344
       Searing Ray       |     3 |    10 |    63 |     8 ||    84
       Iskenderun's Myst |       |       |     9 |     1 ||    10
       Shock             |       |       |     2 |       ||     2
       Fulminant Prism   |       |       |     5 |     5 ||    10
  Use: Scroll            |       |     3 |     6 |     3 ||    12
       Potion            |       |       |     1 |     3 ||     4
Armor: Robe              |     6 |     4 |    13 |     2 ||    25
Dodge: Dodged            |    33 |    19 |    49 |    17 ||   118

Table legend: (Time is in decaauts)
 A = Elapsed time spent in this place.
 B = Non-inter-level travel time spent in this place.
 C = Inter-level travel time spent in this place.
 D = Time resting spent in this place.
 E = Time spent auto-exploring this place.
 F = Levels seen in this place.
 G = Mean time per level.
                   A        B        C        D        E       F      G
               +--------+--------+--------+--------+--------+-----+--------+
         Total |  12992 |  12561 |    431 |   4973 |   6327 |  11 | 1181.1 |
       Dungeon |  12264 |  11872 |    392 |   4744 |   5985 |   9 | 1362.7 |
        Temple |    229 |    190 |     39 |      0 |    185 |   1 |  229.0 |
       Ossuary |    497 |    497 |      0 |    229 |    157 |   1 |  497.0 |
               +--------+--------+--------+--------+--------+-----+--------+

Top non-repeatable levels by time:
     D:5: 2214 daAuts
     D:4: 1737 daAuts
     D:7: 1667 daAuts
     D:8: 1544 daAuts
     D:3: 1244 daAuts
     D:1: 1221 daAuts
     D:6: 963 daAuts
     D:9: 838 daAuts
     D:2: 831 daAuts
 Ossuary: 497 daAuts
  Temple: 229 daAuts
